 Dungeon Crawl Stone Soup version 0.27-a0-277-g024f7ef292 (webtiles) character file.

Game seed: 10134590093352218044

207 Nattfarinn the Chiller (level 5, -2/35 HPs)
             Began as a Barachi Ice Elementalist on Feb 5, 2021.
             Slain by a killer bee zombie (8 damage)
             ... on level 4 of the Dungeon.
             The game lasted 00:08:46 (3768 turns).

Nattfarinn the Chiller (Barachi Ice Elementalist)   Turns: 3768, Time: 00:08:47

Health: -2/35      AC:  6    Str:  9    XL:     5   Next: 85%
Magic:  2/10       EV: 13    Int: 16    God:
Gold:   205        SH:  0    Dex: 13    Spells: 6/10 levels left

rFire    x . .     SeeInvis .   (no weapon)
rCold    + . .     Faith    .   (no shield)
rNeg     . . .     Spirit   .   a - +0 robe
rPois    .         Reflect  .   (no helmet)
rElec    .         Harm     .   (no cloak)
rCorr    .         Rampage  .   (no gloves)
Will     .....                  (no boots)
Stlth    ++........             (no amulet)
HPRegen  0.11/turn              b - +4 ring of protection
MPRegen  0.12/turn              i - ring of ice

@: about to teleport, slow
A: +LOS, swims, slowness 1, strong legs 1
a: Hop


You were on level 4 of the Dungeon.
You visited 1 branch of the dungeon, and saw 4 of its levels.

You collected 205 gold pieces.

Inventory:

Armour
 a - a +0 robe (worn)
Jewellery
 b - a +4 ring of protection (left hand)
 i - a ring of ice (right hand)
Scrolls
 d - 5 scrolls of identify
 f - a scroll of magic mapping {unknown}
 h - 2 scrolls of blinking
 j - a scroll of enchant armour {unknown}
 k - a scroll of remove curse
 m - a scroll of random uselessness {unknown}
Potions
 c - a potion of might {unknown}
 e - 2 potions of cancellation
 g - 2 potions of curing {unknown}
 l - a potion of berserk rage {unknown}


   Skills:
 + Level 3.7 Dodging
 - Level 1.7 Stealth
 + Level 3.4 Spellcasting
 * Level 6.8 Ice Magic


You had 6 spell levels left.
You knew the following spells:

 Your Spells              Type           Power        Failure   Level
a - Freeze                Ice            100%         1%          1
b - Frozen Ramparts       Ice            72%          3%          3

Your spell library contained the following spells:

 Spells                   Type           Power        Failure   Level
 Ozocubu's Armour         Ice            36%          3%          3
 Hailstorm                Conj/Ice       20%          41%         4
 Summon Ice Beast         Ice/Summ       20%          41%         4


Dungeon Overview and Level Annotations

Branches:
Dungeon (4/15)
 Temple: D:4-7

Altars:
Elyvilon
Kikubaaqudgha
Qazlal
Wu Jian
Zin

Annotations:
D:3 1 runed translucent door, Crazy Yiuf


Innate Abilities, Weirdness & Mutations

You can be seen from farther away. (+LOS)
You can swim through water.
You cover ground slowly.
You can hop short distances.


Message History

The wall freezes the killer bee zombie but does no damage.
The killer bee zombie hits you.
Unknown command.
It was a potion of cancellation.
Your magical effects are unravelling.
You feel magically purged.
The frozen ramparts melt away.
The killer bee zombie hits you but does no damage.
The killer bee zombie misses you.
Casting: Frozen Ramparts (dangerous; 3% risk of failure)
Confirm with . or Enter, or press ? or * to list all spells.
Okay, then.
Okay, then.
Okay, then.
As you read the scroll of teleportation, it crumbles to dust.
You feel strangely unstable. The killer bee zombie hits you.
* * * LOW HITPOINT WARNING * * *
The killer bee zombie misses you.
The killer bee zombie hits you but does no damage.
The killer bee zombie hits you!
You die...

##.......
#.......
#......
#.....#
#.....#
##....#
#.....####
#...Z###.#
#...@###.##
#####.#...#
#.....##
##.....#
##....##
##...###
### ##....#
#..
##.....#
##.
#......# #.


You could see a killer bee zombie.

Vanquished Creatures
  An iguana (D:4)
  An orc wizard (D:4)
  5 adders
  An ooze (D:1)
  4 worms
  2 dart slugs
  4 leopard geckos
  8 orcs
  9 bats
  6 goblins
  11 hobgoblins
  3 jackals (D:1)
  A quokka (D:2)
  4 ball pythons
  4 frilled lizards
  8 kobolds
  9 rats
81 creatures vanquished.

Notes
Turn   | Place    | Note
-------+----------+-------------------------------------------
     0 | D:1      | Nattfarinn the Barachi Ice Elementalist began the quest for
                  | the Orb.
     0 | D:1      | Reached XP level 1. HP: 13/13 MP: 3/3
   425 | D:1      | Reached skill level 5 in Ice Magic
   438 | D:1      | Reached XP level 2. HP: 14/19 MP: 0/5
  1013 | D:1      | Reached XP level 3. HP: 18/24 MP: 1/6
  1546 | D:2      | Learned a level 3 spell: Frozen Ramparts
  1615 | D:2      | Reached XP level 4. HP: 30/30 MP: 6/8
  1742 | D:2      | Found a white marble altar of Elyvilon.
  1742 | D:2      | Found a glowing silver altar of Zin.
  1936 | D:2      | Reached skill level 6 in Ice Magic
  2477 | D:3      | Found an ancient bone altar of Kikubaaqudgha.
  2666 | D:3      | Found a runed translucent door.
  2667 | D:3      | Noticed Crazy Yiuf
  2781 | D:3      | Found a stormy altar of Qazlal.
  2837 | D:3      | Found an ornate altar of the Wu Jian Council.
  2848 | D:3      | Reached XP level 5. HP: 35/35 MP: 5/9
  3768 | D:4      | Slain by a killer bee zombie

Illustrated notes

Levels and vault maps discovered:
D:1:      saegor_arrival_simple_d, layout_basic
D:2:      layout_basic, gammafunk_temple_overflow_wave
D:3:      layout_basic, grunt_qazlal_clouds, kiku_gazebo_pond_becter,
          old_standard_altar, chequers_serial_rivers_micro_b,
          uniq_crazy_yiuf_cottage
D:4:      layout_layer_cave, temple_hall, serial_glass, glass_columns_a,
          glass_columns_b

Skill      XL: |  1  2  3  4 |
---------------+-------------+-----
Ice Magic      | 5 6 |  6.8
Dodging        | 3 |  3.7
Spellcasting   | 3 |  3.4
Stealth        | |  1.7

Action                   |  1- 3 |  4- 6 || total
-------------------------+-------+-------++-------
Melee: Unarmed           |    61 |    24 ||    85
 Cast: Freeze            |    51 |    49 ||   100
       Frozen Ramparts   |       |     8 ||     8
  Use: Scroll            |     4 |     1 ||     5
       Potion            |       |     1 ||     1
Armor: Robe              |    14 |    25 ||    39
Dodge: Dodged            |    75 |    71 ||   146

Table legend: (Time is in decaauts)
 A = Elapsed time spent in this place.
 B = Non-inter-level travel time spent in this place.
 C = Inter-level travel time spent in this place.
 D = Time resting spent in this place.
 E = Time spent auto-exploring this place.
 F = Levels seen in this place.
 G = Mean time per level.
                   A        B        C        D        E       F      G
               +--------+--------+--------+--------+--------+-----+--------+
         Total |   4099 |   4037 |     62 |   1347 |   2100 |   4 | 1024.8 |
       Dungeon |   4099 |   4037 |     62 |   1347 |   2100 |   4 | 1024.8 |
               +--------+--------+--------+--------+--------+-----+--------+

Top non-repeatable levels by time:
     D:1: 1482 daAuts
     D:2: 1182 daAuts
     D:3: 984 daAuts
     D:4: 451 daAuts
